PBL
HOUSTON ASTROS @ KANSAS CITY ROYALS
04/15/2071
 
TOP OF THE 1ST
Houston Astros batting - Pitching for Kansas City Royals : RHP Kevin Ford
Pitching: RHP Kevin Ford
Batting: RHB Sukenobu Taneda 0-0: Called Strike
0-1: Ground out 5-3 (Groundball, 56, EV 103.1 MPH)
Batting: LHB Emiel Vonhof 0-0: Called Strike
0-1: Ball
1-1: Ball
2-1: Foul Ball, location: 7LMFF
2-2: Ball
3-2: SINGLE (Groundball, 6MD, EV 97.5 MPH)
Batting: RHB Jin Daikawa 0-0: Called Strike
0-1: Called Strike
0-2: Ball
1-2: Ball
2-2: Strikes out swinging
Batting: LHB Trevor Burt 0-0: Foul Ball, location: 7LMF
0-1: Called Strike
0-2: Strikes out swinging
Top of the 1st over - 0 runs, 1 hit, 0 errors, 1 left on base; Houston 0 - Kansas City 0
BOTTOM OF THE 1ST
Kansas City Royals batting - Pitching for Houston Astros : LHP Felipe Ruíz
Pitching: LHP Felipe Ruíz
Batting: LHB Dan Heller 0-0: Called Strike
0-1: Foul Ball, location: 2F
0-2: Ball
1-2: Strikes out swinging
Batting: RHB David Harris 0-0: Fly out, F7 (Flyball, 78M, EV 91.3 MPH)
Batting: RHB Bert Acheson 0-0: SINGLE (Flyball, 8LS, EV 95.0 MPH)
Batting: RHB Edgardo Pérez 0-0: Ball
1-0: Ball
2-0: Foul Ball, location: 3DF
2-1: Ball
3-1: Base on Balls
Bert Acheson to second
Batting: RHB Tamuramaro Maeda 0-0: Foul Ball, location: 2F
0-1: Fly out, F8 (Line Drive, 89D, EV 98.1 MPH)
Bottom of the 1st over - 0 runs, 1 hit, 0 errors, 2 left on base; Houston 0 - Kansas City 0
TOP OF THE 2ND
Houston Astros batting - Pitching for Kansas City Royals : RHP Kevin Ford
Batting: LHB Cal Dascenzo 0-0: Ball
1-0: Swinging Strike
1-1: Foul Ball, location: 2F
1-2: SINGLE (Line Drive, 4D, EV 105.6 MPH)
Batting: RHB Mike Hall 0-0: Foul Ball, location: 9LSF
0-1: Ball
1-1: SINGLE (Line Drive, 7S, EV 91.3 MPH)
Cal Dascenzo to second
Batting: RHB Arturo Becerra 0-0: Ball
1-0: Called Strike
1-1: Fly out, F3 (Popup, 3F, EV 57.5 MPH)
Batting: RHB Tony Barrosa 0-0: Ball
1-0: Called Strike
1-1: Ball
2-1: Foul Ball, location: 2F
2-2: Grounds into double play, 5-4-3 (Groundball, 5, EV 78.1 MPH)
Top of the 2nd over - 0 runs, 2 hits, 0 errors, 1 left on base; Houston 0 - Kansas City 0
BOTTOM OF THE 2ND
Kansas City Royals batting - Pitching for Houston Astros : LHP Felipe Ruíz
Pitching: RHP Santiago Vásquez
Batting: RHB Andrés Mota 0-0: Called Strike
0-1: Ball
1-1: DOUBLE (Line Drive, 9LD, EV 101.9 MPH)
Batting: LHB Sergio Longoria 0-0: Swinging Strike
0-1: Ball
1-1: Swinging Strike
1-2: Strikes out swinging
Batting: RHB Neal Martin 0-0: Foul Ball, location: 9LDF
0-1: Swinging Strike
0-2: Foul Ball, location: 5DF
0-2: Ground out 3-1 (Groundball, 34, EV 104.4 MPH)
Andrés Mota to third
Batting: RHB Jorge Morán 0-0: Ball
1-0: Ball
2-0: Fly out, F8 (Flyball, 8LD, EV 107.5 MPH)
Bottom of the 2nd over - 0 runs, 1 hit, 0 errors, 1 left on base; Houston 0 - Kansas City 0
TOP OF THE 3RD
Houston Astros batting - Pitching for Kansas City Royals : RHP Kevin Ford
Batting: RHB Chris Martínez 0-0: Ground out 6-3 (Groundball, 6, EV 103.1 MPH)
Batting: RHB Sukenobu Taneda 0-0: Fly out, F8 (Line Drive, 8LM, EV 83.1 MPH)
Batting: LHB Emiel Vonhof 0-0: Ball
1-0: Fly out, F9 (Flyball, 9, EV 79.4 MPH)
Top of the 3rd over - 0 runs, 0 hits, 0 errors, 0 left on base; Houston 0 - Kansas City 0
BOTTOM OF THE 3RD
Kansas City Royals batting - Pitching for Houston Astros : RHP Santiago Vásquez
Batting: LHB Dan Heller 0-0: Ball
1-0: Foul Ball, location: 5DF
1-1: Ball
2-1: Ground out 3-1 (Groundball, 34, EV 82.5 MPH)
Batting: RHB David Harris 0-0: Foul Ball, location: 2F
0-1: Called Strike
0-2: Strikes out swinging
Batting: RHB Bert Acheson 0-0: Called Strike
0-1: Ground out 5-3 (Groundball, 5S, EV 89.4 MPH)
Bottom of the 3rd over - 0 runs, 0 hits, 0 errors, 0 left on base; Houston 0 - Kansas City 0
TOP OF THE 4TH
Houston Astros batting - Pitching for Kansas City Royals : RHP Kevin Ford
Batting: RHB Jin Daikawa 0-0: SINGLE (Line Drive, 78S, EV 102.5 MPH)
Batting: LHB Trevor Burt 0-0: Called Strike
0-1: Ball
1-1: Ball
2-1: Ball
3-1: Called Strike
3-2: Base on Balls
Jin Daikawa to second
Batting: LHB Cal Dascenzo 0-0: Called Strike
0-1: Called Strike
0-2: Foul Ball, location: 23FF
0-2: Strikes out swinging
Batting: RHB Mike Hall 0-0: Foul Ball, location: 2F
0-1: Fly out, F9 (Flyball, 9, EV 95.0 MPH)
Batting: RHB Arturo Becerra 0-0: Ball
1-0: Ball
2-0: Foul Ball, location: 2F
2-1: Ball
3-1: SINGLE (Flyball, 9LS, EV 90.0 MPH)
Jin Daikawa to third
Trevor Burt to second
Runner from 3rd tries for Home, SAFE, throw by RF to home
Batting: RHB Tony Barrosa 0-0: Called Strike
0-1: Swinging Strike
0-2: Strikes out swinging
Top of the 4th over - 1 run, 2 hits, 0 errors, 2 left on base; Houston 1 - Kansas City 0
BOTTOM OF THE 4TH
Kansas City Royals batting - Pitching for Houston Astros : RHP Santiago Vásquez
Batting: RHB Edgardo Pérez 0-0: Swinging Strike
0-1: Called Strike
0-2: Foul Ball, location: 2F
0-2: Ball
1-2: Foul Ball, location: 2F
1-2: Ball
2-2: Ball
3-2: Base on Balls
Batting: RHB Tamuramaro Maeda 0-0: Foul Ball, location: 2F
0-1: Foul Ball, location: 5SF
0-2: Foul Ball, location: 5FF
0-2: Ball
1-2: Foul Ball, location: 2F
1-2: SINGLE (Flyball, 9LS, EV 86.9 MPH)
Edgardo Pérez to second
Batting: RHB Andrés Mota 0-0: Bunt missed!
0-1: Ball
1-1: Ball
2-1: Bunted foul
2-2: Fly out, F7 (Flyball, 7D, EV 90.6 MPH)
Runner from 2nd tags up, SAFE at 3rd with throw by LF
Batting: LHB Sergio Longoria 0-0: Ball
1-0: Grounds into double play, 4-6-3 (Groundball, 4S, EV 91.3 MPH)
Bottom of the 4th over - 0 runs, 1 hit, 0 errors, 1 left on base; Houston 1 - Kansas City 0
TOP OF THE 5TH
Houston Astros batting - Pitching for Kansas City Royals : RHP Kevin Ford
Batting: RHB Chris Martínez 0-0: Ball
1-0: Ground out 6-3 (Groundball, 6, EV 83.8 MPH)
Batting: RHB Sukenobu Taneda 0-0: Ball
1-0: Foul Ball, location: 9LSF
1-1: Ball
2-1: Ball
3-1: Called Strike
3-2: Base on Balls
Batting: LHB Emiel Vonhof 0-0: Foul Ball, location: 9LDF
0-1: Swinging Strike
0-2: Foul Ball, location: 7LDF
0-2: Strikes out swinging
Batting: RHB Jin Daikawa 0-0: Ball
Sukenobu Taneda is caught stealing 2nd base 2-4
Top of the 5th over - 0 runs, 0 hits, 0 errors, 0 left on base; Houston 1 - Kansas City 0
BOTTOM OF THE 5TH
Kansas City Royals batting - Pitching for Houston Astros : RHP Santiago Vásquez
Batting: RHB Neal Martin 0-0: Called Strike
0-1: Ground out 4-3 (Groundball, 4, EV 90.0 MPH)
Batting: RHB Jorge Morán 0-0: Fly out, F8 (Line Drive, 8RM, EV 97.5 MPH)
Batting: LHB Dan Heller 0-0: Ball
1-0: DOUBLE (Line Drive, 89D, EV 111.9 MPH)
Batting: RHB David Harris 0-0: Ball
1-0: Foul Ball, location: 9LSF
1-1: Swinging Strike
1-2: Ball
2-2: Fly out, F7 (Line Drive, 7S, EV 100.0 MPH)
Bottom of the 5th over - 0 runs, 1 hit, 0 errors, 1 left on base; Houston 1 - Kansas City 0
TOP OF THE 6TH
Houston Astros batting - Pitching for Kansas City Royals : RHP Kevin Ford
Batting: RHB Jin Daikawa 0-0: Swinging Strike
0-1: Foul Ball, location: 2F
0-2: Ground out 6-3 (Groundball, 6, EV 96.9 MPH)
Batting: LHB Trevor Burt 0-0: Ball
1-0: Ball
2-0: Called Strike
2-1: Fly out, F8 (Flyball, 8RS, EV 90.6 MPH)
Batting: LHB Cal Dascenzo 0-0: Ball
1-0: Called Strike
1-1: Foul Ball, location: 7LDF
1-2: Strikes out swinging
Top of the 6th over - 0 runs, 0 hits, 0 errors, 0 left on base; Houston 1 - Kansas City 0
BOTTOM OF THE 6TH
Kansas City Royals batting - Pitching for Houston Astros : RHP Santiago Vásquez
Batting: RHB Bert Acheson 0-0: Fly out, F9 (Flyball, 89S, EV 79.4 MPH)
Batting: RHB Edgardo Pérez 0-0: Ball
1-0: Called Strike
1-1: Swinging Strike
1-2: Strikes out swinging
Batting: RHB Tamuramaro Maeda 0-0: Ball
1-0: Ball
2-0: Called Strike
2-1: Ball
3-1: Base on Balls
Batting: RHB Andrés Mota 0-0: DOUBLE (Flyball, 78D, EV 104.4 MPH)
Tamuramaro Maeda to third
Batting: LHB Sergio Longoria 0-0: Ground out 4-3 (Groundball, 4M, EV 101.9 MPH)
Bottom of the 6th over - 0 runs, 1 hit, 0 errors, 2 left on base; Houston 1 - Kansas City 0
TOP OF THE 7TH
Houston Astros batting - Pitching for Kansas City Royals : RHP Kevin Ford
Batting: RHB Mike Hall 0-0: Ball
1-0: SINGLE (Groundball, 34D, EV 105.0 MPH)
Pitching: LHP Takiji Miura
Batting: RHB Arturo Becerra 0-0: Called Strike
0-1: Called Strike
0-2: Fielders Choice at 2nd, 1-6 (Groundball, 13S, EV 67.5 MPH)
Batting: RHB Tony Barrosa 0-0: Ball
1-0: Ball
2-0: Ball
3-0: Foul Ball, location: 3DF
3-1: Foul Ball, location: 2F
3-2: Base on Balls
Arturo Becerra to second
Batting: RHB Chris Martínez 0-0: Foul Ball, location: 9LMFF
0-1: Ball
1-1: Foul Ball, location: 9LDF
1-2: Strikes out swinging
Batting: RHB Sukenobu Taneda 0-0: Fly out, F7 (Flyball, 78S, EV 90.6 MPH)
Top of the 7th over - 0 runs, 1 hit, 0 errors, 2 left on base; Houston 1 - Kansas City 0
BOTTOM OF THE 7TH
Kansas City Royals batting - Pitching for Houston Astros : RHP Santiago Vásquez
Batting: RHB Neal Martin 0-0: SINGLE (Line Drive, 9S, EV 110.0 MPH)
Batting: RHB Jorge Morán 0-0: Called Strike
0-1: Ball
1-1: Called Strike
1-2: Strikes out swinging
Batting: LHB Dan Heller 0-0: Called Strike
0-1: SINGLE (Line Drive, 89S, EV 96.9 MPH)
Neal Martin to second
Batting: RHB David Harris 0-0: Called Strike
0-1: Ball
1-1: Foul Ball, location: 5F
1-2: Strikes out swinging
Batting: RHB Bert Acheson 0-0: Called Strike
0-1: Foul Ball, location: 9LDF
0-2: Foul Ball, location: 25F
0-2: Strikes out looking
Bottom of the 7th over - 0 runs, 2 hits, 0 errors, 2 left on base; Houston 1 - Kansas City 0
TOP OF THE 8TH
Houston Astros batting - Pitching for Kansas City Royals : LHP Takiji Miura
Batting: LHB Emiel Vonhof 0-0: Ball
1-0: Ball
2-0: Ball
3-0: Swinging Strike
3-1: Foul Ball, location: 2F
3-2: Strikes out looking
Batting: RHB Jin Daikawa 0-0: Called Strike
0-1: Ball
1-1: Ball
2-1: Ball
3-1: Swinging Strike
3-2: Foul Ball, location: 3SF
3-2: Fly out, F8 (Flyball, 78S, EV 92.5 MPH)
Batting: LHB Trevor Burt 0-0: Called Strike
0-1: Ball
1-1: Foul Ball, location: 2F
1-2: Ground out 5-3 (Groundball, 56, EV 83.8 MPH)
Top of the 8th over - 0 runs, 0 hits, 0 errors, 0 left on base; Houston 1 - Kansas City 0
BOTTOM OF THE 8TH
Kansas City Royals batting - Pitching for Houston Astros : RHP Santiago Vásquez
Now in LF: Tony Barrosa
Now in CF: Roberto Beltrán
Batting: RHB Edgardo Pérez 0-0: Called Strike
0-1: Ground out 5-3 (Groundball, 5L, EV 101.9 MPH)
Batting: RHB Tamuramaro Maeda 0-0: Ball
1-0: Ball
2-0: Ball
3-0: Called Strike
3-1: Fly out, F7 (Flyball, 78M, EV 90.6 MPH)
Batting: RHB Andrés Mota 0-0: Called Strike
0-1: Foul Ball, location: 9LSF
0-2: Ball
1-2: Strikes out swinging
Bottom of the 8th over - 0 runs, 0 hits, 0 errors, 0 left on base; Houston 1 - Kansas City 0
TOP OF THE 9TH
Houston Astros batting - Pitching for Kansas City Royals : LHP Takiji Miura
Batting: RHB Dan McCray 0-0: Ball
1-0: Ball
2-0: Fly out, F9 (Flyball, 89S, EV 92.5 MPH)
Batting: RHB Mike Hall 0-0: Fly out, F7 (Flyball, S2, EV 110.6 MPH)
Batting: RHB Arturo Becerra 0-0: Ball
1-0: Called Strike
1-1: Ball
2-1: Fly out, F8 (Flyball, 8RXD, EV 108.8 MPH)
Top of the 9th over - 0 runs, 0 hits, 0 errors, 0 left on base; Houston 1 - Kansas City 0
BOTTOM OF THE 9TH
Kansas City Royals batting - Pitching for Houston Astros : RHP Santiago Vásquez
Batting: LHB Sergio Longoria 0-0: Called Strike
0-1: Ball
1-1: Called Strike
1-2: Ball
2-2: Ball
3-2: Ground out 4-3 (Groundball, 34D, EV 81.9 MPH)
Batting: RHB Neal Martin 0-0: Ball
1-0: Ground out 6-3 (Groundball, 56S, EV 85.0 MPH)
Batting: RHB Jorge Morán 0-0: Called Strike
0-1: Foul Ball, location: 9LMF
0-2: Ball
1-2: Fly out, F7 (Flyball, 7D, EV 108.1 MPH)
Bottom of the 9th over - 0 runs, 0 hits, 0 errors, 0 left on base; Houston 1 - Kansas City 0
Monday, April 8th , 2024 - OOTP Baseball 24.10 Build 82